 Dungeon Crawl Stone Soup version 0.28.0-43-g3370ac3207 (webtiles) character file.

Game seed: 779286783911562967

3112 Ablot the Magician (level 9, -1/67 (71) HPs)
             Began as a Gnoll Warper on Mar 24, 2022.
             Was a Believer of Dithmenos.
             Slain by a wight
             ... wielding a +0 trident
              (4 damage)
             ... on level 8 of the Dungeon.
             The game lasted 00:16:20 (8095 turns).

Ablot the Magician (Gnoll Warper)                   Turns: 8095, Time: 00:16:20

HP:   -1/67 (71)    AC:  7    Str: 14    XL:     9   Next: 91%
MP:   19/19         EV: 17    Int: 12    God:    Dithmenos [**....]
Gold: 303           SH:  5    Dex: 13    Spells: 12/21 levels left

rFire   . . .      SeeInvis +   a - +5 spear
rCold   . . .      Faith    .   L - +0 buckler
rNeg    . . .      Spirit   .   b - +3 leather armour {rPois}
rPois   +          Reflect  .   o - +0 helmet
rElec   .          Harm     .   (no cloak)
rCorr   .          Rampage  .   (no gloves)
Will    .....                   (no boots)
Stlth   +++.......              (no amulet)
HPRegen 0.21/turn               B - ring of see invisible
MPRegen 0.16/turn               p - +4 ring of evasion

@: wreathed by umbra, drained
A: fangs 1, strong nose, distributed training
a: Renounce Religion, Shadow Step


You were on level 8 of the Dungeon.
You worshipped Dithmenos.
Dithmenos was pleased with you.
You visited 2 branches of the dungeon, and saw 9 of its levels.

You collected 352 gold pieces.
You spent 49 gold pieces at shops.

Inventory:

Hand Weapons
 a - a +5 spear (weapon)
 i - a +4 dagger of draining
 H - the +7 quarterstaff of Growth {venom, MP+9 SInv}
   (You found it on level 7 of the Dungeon)

   It poisons the flesh of those it strikes.
   MP:        It affects your magic capacity (+9).
   SInv:      It lets you see invisible.
Missiles
 d - 5 boomerangs of dispersal
 f - 185 arrows
 l - 189 stones
 r - 37 bolts
 u - 44 sling bullets
 w - 13 poisoned darts (quivered)
 G - 7 boomerangs
Armour
 b - a +3 leather armour of poison resistance (worn)
 o - a +0 helmet (worn)
 L - a +0 buckler (worn)
Jewellery
 m - a ring of ice
 p - a +4 ring of evasion (right hand)
 q - a ring of protection from cold
 B - a ring of see invisible (left hand)
 C - a ring of ice
 K - a ring of protection from fire
Wands
 t - a wand of digging (3)
 E - a wand of iceblast (15)
Scrolls
 c - 2 scrolls of blinking
 e - 4 scrolls of amnesia {unknown}
 n - a scroll of enchant armour {unknown}
 v - a scroll of vulnerability {unknown}
 y - 2 scrolls of fear {unknown}
 z - 6 scrolls of teleportation
 A - a scroll of noise {unknown}
 D - 2 scrolls of immolation {unknown}
 M - a scroll of magic mapping
Potions
 g - 5 potions of curing
 h - a potion of berserk rage
 j - 3 potions of brilliance
 k - a potion of cancellation
 s - 2 potions of might
 x - 2 potions of heal wounds
 F - a potion of resistance
 I - a potion of flight
 N - a potion of lignification


   Skills:
 + Level 6.6 Fighting
 + Level 4.7 Short Blades
 + Level 4.7 Long Blades
 + Level 4.7 Axes
 + Level 4.7 Maces & Flails
 + Level 6.6 Polearms
 + Level 4.7 Staves
 + Level 4.7 Slings
 + Level 4.7 Bows
 + Level 4.7 Crossbows
 + Level 5.4 Throwing
 + Level 5.4 Armour
 + Level 6.6 Dodging
 + Level 4.7 Stealth
 + Level 4.7 Shields
 + Level 4.7 Unarmed Combat
 + Level 6.9 Spellcasting
 + Level 3.9 Conjurations
 + Level 3.9 Hexes
 + Level 3.9 Summonings
 + Level 3.9 Necromancy
 + Level 6.8 Translocations
 + Level 3.9 Transmutations
 + Level 3.9 Fire Magic
 + Level 3.9 Ice Magic
 + Level 3.9 Air Magic
 + Level 3.9 Earth Magic
 + Level 3.9 Poison Magic
 + Level 5.1 Invocations
 + Level 4.7 Evocations


You had 12 spell levels left.
You knew the following spells:

 Your Spells              Type           Power      Damage    Failure   Level
a - Blink                 Tloc           40%        N/A       2%          2
b - Gell's Gravitas       Tloc           20%        N/A       4%          3
c - Ensorcelled Hibernat  Hex/Ice        26%        N/A       9%          2
d - Wereblood             Tmut           13%        N/A       9%          2

Your spell library contained the following spells:

 Spells                   Type           Power      Damage    Failure   Level
 Lesser Beckoning         Tloc           20%        N/A       4%          3
 Teleport Other           Tloc           20%        N/A       4%          3
 Sublimation of Blood     Necr           13%        N/A       9%          2
 Spider Form              Tmut/Pois      13%        N/A       16%         3
 Manifold Assault         Tloc           20%        N/A       41%         5
 Anguish                  Hex/Necr       6%         N/A       47%         4
 Summon Hydra             Summ           6%         N/A       100%        7


Dungeon Overview and Level Annotations

Branches:
Dungeon (8/15)             Temple (1/1) D:5
   Lair: D:8-11

Altars:
Ashenzari
Cheibriados
Dithmenos
Elyvilon
Fedhas
Gozag
Kikubaaqudgha
Makhleb
Nemelex Xobeh
Okawaru
Qazlal
Sif Muna
Trog
Uskayaw
Vehumet
Xom
Yredelemnul
Zin
The Shining One

Shops:
D:3 :   D:4 *[   D:8 *[

Annotations:
D:8 exclusion: 3 doors


Innate Abilities, Weirdness & Mutations

You have very sharp teeth.
Your uncanny sense of smell can sniff out nearby items.
Your experience applies equally to all skills.


Message History

The wight misses you.
Reach: a) +5 spear
Press: ? - help, Dir - move target, f/p - wight
Aim: a wight, wielding a +0 trident and wearing a +0 robe (severely damaged, umbra, about 29% to evade your +5 spear)
You reach to attack!
You barely miss the wight.
The wight is severely damaged.
Unknown command.
Reach: a) +5 spear
Press: ? - help, Dir - move target, f/p - wight
Aim: a wight, wielding a +0 trident and wearing a +0 robe (severely damaged, umbra, about 29% to evade your +5 spear)
You reach to attack!
You closely miss the wight.
The wight is severely damaged.
The wight closely misses you.
Reach: a) +5 spear
Press: ? - help, Dir - move target, f/p - wight
Aim: a wight, wielding a +0 trident and wearing a +0 robe (severely damaged, umbra, about 29% to evade your +5 spear)
You reach to attack!
You hit the wight.
The wight is severely damaged.
The wight closely misses you.
Reach: a) +5 spear
Press: ? - help, Dir - move target, f/p - wight
Aim: a wight, wielding a +0 trident and wearing a +0 robe (severely damaged, umbra, about 29% to evade your +5 spear)
You reach to attack!
You closely miss the wight.
The wight is severely damaged.
The wight closely misses you.
Reach: a) +5 spear
Press: ? - help, Dir - move target, f/p - wight
Aim: a wight, wielding a +0 trident and wearing a +0 robe (severely damaged, umbra, about 29% to evade your +5 spear)
You reach to attack!
You hit the wight.
The wight is almost destroyed.
The wight barely misses you.
Reach: a) +5 spear
Press: ? - help, Dir - move target, f/p - wight
Aim: a wight, wielding a +0 trident and wearing a +0 robe (almost destroyed, umbra, about 29% to evade your +5 spear)
You reach to attack!
You completely miss the wight.
The wight is almost destroyed.
The wight hits you from afar with a +0 trident!
* * * LOW HITPOINT WARNING * * *
You feel drained.
You die...

........# +........# ........#
#........#
........######........##
.......................#
#########...............#
#.......'...............#
#.....÷)#...............#
#.....))#...............#
####'##)#.......@8......#
......#.##'######)###....
......#........8.∩z8...>...#
......#.....[.)..)).'......# ∆
......#.....)....8.>#......# .
......#.......).....#......# .
......#'######'##...#......#####.
........ .. ###'##..........#
........ ... #....#..........#


You could see a wight.

Vanquished Creatures
  Sigmund (D:4)
  A water moccasin (D:7)
  An ice beast (D:6)
  3 orc warriors
  A black bear (D:5)
  A sky beast (D:8)
  3 ogres
  2 centaurs
  A phantom (D:7)
  A kobold brigand (D:8)
  2 bullfrogs (D:6)
  4 scorpions (D:7)
  2 gnoll sergeants (D:8)
  4 wights (D:8)
  2 centaur zombies (D:7)
  A hound (D:7)
  2 bullfrog zombies (D:6)
  2 orc priests
  A jelly (D:6)
  Natasha (thrice) (D:3)
  3 bullfrog skeletons
  2 iguanas
  7 orc wizards
  2 hound skeletons
  Robin (D:2)
  26 gnolls
  5 adders
  A shadow imp (D:6)
  An adder skeleton (D:5)
  A worm (D:5)
  4 dart slugs
  16 orcs
  2 ball pythons
  8 endoplasms
  4 giant cockroaches
  14 goblins
  9 hobgoblins
  9 jackals
  16 kobolds
  3 quokkas
  2 bats (D:2)
  A frilled lizard (D:1)
  5 rats
180 creatures vanquished.

Vanquished Creatures (others)
  An orc wizard (D:6)
1 creature vanquished.

Grand Total: 181 creatures vanquished

Notes
Turn   | Place    | Note
-------+----------+-------------------------------------------
     0 | D:1      | Ablot the Gnoll Warper began the quest for the Orb.
     0 | D:1      | Reached XP level 1. HP: 20/20 MP: 6/6
   212 | D:1      | Reached XP level 2. HP: 26/26 MP: 7/7
   215 | D:1      | Learned a level 2 spell: Blink
   604 | D:1      | Reached XP level 3. HP: 31/31 MP: 9/9
   611 | D:1      | Learned a level 3 spell: Gell's Gravitas
   660 | D:1      | Reached skill level 5 in Spellcasting
   817 | D:2      | Reached skill level 1 in Invocations
   931 | D:2      | Noticed Robin
   972 | D:2      | Reached skill level 1 in Short Blades
   972 | D:2      | Reached skill level 1 in Long Blades
   972 | D:2      | Reached skill level 1 in Axes
   972 | D:2      | Reached skill level 1 in Maces & Flails
   972 | D:2      | Reached skill level 1 in Staves
   972 | D:2      | Reached skill level 1 in Slings
   972 | D:2      | Reached skill level 1 in Bows
   972 | D:2      | Reached skill level 1 in Crossbows
   972 | D:2      | Reached skill level 1 in Stealth
   972 | D:2      | Reached skill level 1 in Shields
   972 | D:2      | Reached skill level 1 in Unarmed Combat
   972 | D:2      | Reached skill level 1 in Evocations
  1076 | D:2      | Killed Robin
  1077 | D:2      | Reached XP level 4. HP: 35/38 MP: 11/11
  1137 | D:2      | Found a faded altar of an unknown god.
  1275 | D:2      | Reached skill level 1 in Conjurations
  1275 | D:2      | Reached skill level 1 in Hexes
  1275 | D:2      | Reached skill level 1 in Summonings
  1275 | D:2      | Reached skill level 1 in Necromancy
  1275 | D:2      | Reached skill level 1 in Transmutations
  1275 | D:2      | Reached skill level 1 in Fire Magic
  1275 | D:2      | Reached skill level 1 in Ice Magic
  1275 | D:2      | Reached skill level 1 in Air Magic
  1275 | D:2      | Reached skill level 1 in Earth Magic
  1275 | D:2      | Reached skill level 1 in Poison Magic
  1379 | D:2      | Reached XP level 5. HP: 40/43 MP: 12/12
  1829 | D:3      | Noticed Natasha
  1832 | D:3      | Killed Natasha
  1952 | D:3      | Found Nokk's Book Shoppe.
  1958 | D:3      | Reached XP level 6. HP: 49/50 MP: 13/13
  1982 | D:3      | Noticed Natasha
  2012 | D:3      | Killed Natasha
  2077 | D:3      | Noticed Natasha
  2089 | D:3      | Killed Natasha
  2208 | D:3      | Reached skill level 5 in Fighting
  2208 | D:3      | Reached skill level 5 in Polearms
  2208 | D:3      | Reached skill level 5 in Dodging
  2564 | D:4      | Noticed Sigmund
  2708 | D:4      | Found Jowe's Gadget Gallery.
  2718 | D:4      | Found Junonk's Armour Emporium.
  2796 | D:4      | Reached XP level 7. HP: 55/56 MP: 15/15
  3004 | D:4      | Killed Sigmund
  3135 | D:5      | Entered Level 5 of the Dungeon
  3195 | D:5      | Found a staircase to the Ecumenical Temple.
  3202 | Temple   | Entered the Ecumenical Temple
  3396 | Temple   | Became a worshipper of Dithmenos the Shadowed
  3762 | D:5      | Found a blossoming altar of Fedhas.
  4036 | D:5      | Reached XP level 8. HP: 63/63 MP: 16/16
  4349 | D:6      | Found a shimmering blue altar of Sif Muna.
  4394 | D:6      | Learned a level 2 spell: Ensorcelled Hibernation
  4858 | D:6      | Learned a level 2 spell: Wereblood
  5643 | D:6      | Reached * piety under Dithmenos
  6060 | D:7      | Reached XP level 9. HP: 69/69 MP: 18/18
  6106 | D:7      | HP: 3/69 [orc warrior/+0 long sword (5)]
  6589 | D:7      | Found a bloodstained altar of Trog.
  6757 | D:7      | Reached skill level 5 in Throwing
  6757 | D:7      | Reached skill level 5 in Armour
  6941 | D:7      | Identified the +7 quarterstaff of Growth {venom, MP+9 SInv}
  7449 | D:8      | Found Nainaebu's Antique Armour Shop.
  7460 | D:8      | Reached ** piety under Dithmenos
  7522 | D:8      | Found Emefel's General Store.
  7711 | D:8      | Bought a scroll of magic mapping for 49 gold pieces
  7776 | D:8      | Reached skill level 5 in Invocations
  8095 | D:8      | HP: 3/69 [wight/+0 trident (8)]
  8095 | D:8      | Slain by a wight

Illustrated notes

Levels and vault maps discovered:
D:1:      psy_arrival_whirlpool, layout_loops_ring, minmay_misc_feat_enclosed
D:2:      layout_basic, dreamdust_ecumenical_altar_angels_and_demons, uniq_robin
D:3:      layout_loops_ring, serial_shops, shop_statue,
          minmay_misc_feat_more_columns, uniq_natasha
D:4:      layout_basic, serial_shops, shop_statue, st_stairs_2,
          nicolae_shop_gadgets, uniq_sigmund
D:5:      layout_loops_ring, marbit_many_paths, minmay_temple_entry_mini_moons
D:6:      layout_basic, led_sif_book, kennysheep_opposing_triangles
D:7:      layout_loops_ring, mainiacjoe_overflow_small_starburst
D:8:      layout_gridville, mainiacjoe_overflow_catwalk_spiral, serial_shops,
          nicolae_shop_statue_plus, kennysheep_windowed_goal
Temple:   regret_index_temple_sphere_string

Skill      XL: |  1  2  3  4  5  6  7  8  9 |
---------------+----------------------------+-----
Spellcasting   | 5 6 |  6.9
Invocations    | 1 2 3 4 5 |  5.1
Short Blades   | 1 2 3 4 |  4.7
Long Blades    | 1 2 3 4 |  4.7
Axes           | 1 2 3 4 |  4.7
Maces & Flails | 1 2 3 4 |  4.7
Staves         | 1 2 3 4 |  4.7
Slings         | 1 2 3 4 |  4.7
Bows           | 1 2 3 4 |  4.7
Crossbows      | 1 2 3 4 |  4.7
Stealth        | 1 2 3 4 |  4.7
Shields        | 1 2 3 4 |  4.7
Unarmed Combat | 1 2 3 4 |  4.7
Evocations     | 1 2 3 4 |  4.7
Conjurations   | 1 2 3 |  3.9
Hexes          | 1 2 3 |  3.9
Summonings     | 1 2 3 |  3.9
Necromancy     | 1 2 3 |  3.9
Transmutations | 1 2 3 |  3.9
Fire Magic     | 1 2 3 |  3.9
Ice Magic      | 1 2 3 |  3.9
Air Magic      | 1 2 3 |  3.9
Earth Magic    | 1 2 3 |  3.9
Poison Magic   | 1 2 3 |  3.9
Throwing       | 3 4 5 |  5.4
Armour         | 3 4 5 |  5.4
Fighting       | 5 6 |  6.6
Polearms       | 5 6 |  6.6
Dodging        | 5 6 |  6.6
Translocations | 6 |  6.8

Action                   |  1- 3 |  4- 6 |  7- 9 || total
-------------------------+-------+-------+-------++-------
Melee: Spear             |    61 |       |    57 ||   118
       Bite              |    10 |    14 |    66 ||    90
       Dagger            |    60 |   133 |   507 ||   700
       Punch             |     1 |     3 |    12 ||    16
Throw: Stone             |       |     2 |       ||     2
       Dart              |       |       |     1 ||     1
 Cast: Ensorcelled Hiber |       |       |     2 ||     2
       Wereblood         |       |       |     2 ||     2
       Blink             |       |       |     1 ||     1
  Use: Scroll            |       |       |    11 ||    11
       Potion            |       |       |     1 ||     1
 Stab: Sleeping          |       |     3 |     4 ||     7
Armor: Leather armour    |    27 |    27 |    88 ||   142
Dodge: Dodged            |    55 |    91 |   398 ||   544
Block: Buckler           |       |       |    27 ||    27
